 Dungeon Crawl Stone Soup version 0.29.1-4-g47bece8355 (webtiles) character file.

Game seed: 2249524772528152867

14 CaptainMV the Stinger (level 2, -3/20 HPs)
             Began as a Draconian Venom Mage on Dec 8, 2022.
             Frozen to death by an endoplasm (4 damage)
             ... on level 1 of the Dungeon.
             The game lasted 00:04:13 (324 turns).

CaptainMV the Stinger (Draconian Venom Mage)         Turns: 324, Time: 00:04:13

Health: -3/20      AC:  4    Str: 10    XL:     2   Next: 31%
Magic:  0/5        EV: 12    Int: 15    God:
Gold:   13         SH:  0    Dex: 11    Spells: 4/5 levels left

rFire   . . .      SeeInvis .   h - staff of poison
rCold   . . .      Faith    .   (no shield)
rNeg    . . .      Spirit   .   (body armour unavailable)
rPois   +          Reflect  .   (helmet restricted)
rElec   .          Harm     .   (no cloak)
rCorr   .          Rampage  .   (no gloves)
Will    .....                   (no boots)
Stlth   ++........              (no amulet)
HPRegen 0.06/turn               (no ring)
MPRegen 0.09/turn               (no ring)

@: slowed, very slow
A: AC +4, unfitting armour, cold-blooded
a: no special abilities


You were on level 1 of the Dungeon.
You visited 1 branch of the dungeon, and saw 1 of its levels.

You collected 13 gold pieces.

Inventory:

Magical Staves
 h - a staff of poison (weapon)
Scrolls
 e - a scroll of butterflies {unknown}
 f - a scroll of immolation {unknown}
 i - a scroll of amnesia {unknown}
Potions
 a - a potion of magic
 b - a potion of curing {unknown}
 c - a potion of might {unknown}
 d - a potion of mutation {unknown}
 g - 2 potions of attraction {unknown}


   Skills:
 + Level 1.9 Dodging
 + Level 1.8 Stealth
 + Level 2.1 Spellcasting
 + Level 1.0 Transmutations
 + Level 3.5 Poison Magic


You had 4 spell levels left.
You knew the following spells:

 Your Spells              Type           Power      Damage    Failure   Level
a - Sting                 Tmut/Pois      48%        1d5       9%          1

Your spell library contained the following spells:

 Spells                   Type           Power      Damage    Failure   Level
 Poisonous Vapours        Pois/Air       20%        N/A       16%         2
 Mephitic Cloud           Conj/Pois/Air  7%         N/A       38%         3
 Olgreb's Toxic Radiance  Pois           18%        N/A       45%         4


Dungeon Overview and Level Annotations

Branches:
Dungeon (1/15)

Altars:


Innate Abilities, Weirdness & Mutations

Your plain brown scales are hard. (AC +4)
You cannot fit into any form of body armour.
You are cold-blooded and may be slowed by cold attacks.


Message History

You feel a surge of power!
The sting misses the kobold.
The kobold hits you but does no damage. The endoplasm freezes you.
You are frozen.
Unknown command.
Casting: Sting (safe; 9% risk of failure)
Confirm with . or Enter, or press ? or * to list all spells.
Aiming: Sting (safe; 9% risk of failure)
Press: ? - help, Shift-Dir - straight line, f/p - kobold
Aim: a kobold, wielding a +0 whip (64% to hit)
You feel a surge of power!
The sting hits the kobold but does no damage.
The kobold is poisoned.
The kobold closely misses you. The endoplasm freezes you.
You are frozen.
* * * LOW HITPOINT WARNING * * *
You feel yourself slow down.
Casting: Sting (safe; 9% risk of failure)
Confirm with . or Enter, or press ? or * to list all spells.
You don't know that spell.
Casting: Sting (safe; 9% risk of failure)
Confirm with . or Enter, or press ? or * to list all spells.
Aiming: Sting (safe; 9% risk of failure)
Press: ? - help, Shift-Dir - straight line, p - kobold You feel a surge of power!
The sting hits the endoplasm.
The endoplasm is poisoned.
The endoplasm is moderately wounded.
The kobold misses you. The endoplasm barely misses you. The kobold misses you.
The endoplasm closely misses you.
You miss the kobold. The kobold barely misses you. The endoplasm freezes you.
You are frozen.
* * * LOW HITPOINT WARNING * * *
You feel as though you will be slow longer.
The kobold barely misses you. The endoplasm barely misses you.
You hit the kobold.
You kill the kobold!
You kill the endoplasm!
The endoplasm freezes you.
You are frozen.
You die...

..# #.....#
#.# #.#
#.##### #.#
....... #.#
######## #
#.# #.###
#.##
.......#.####
####..###...#
#..J#.##.# #.
#@## #
......).....#
####..####..#
#.. .# $.. #
.... #...
..##


You could see an endoplasm.

Vanquished Creatures
  A ball python (D:1)
  5 endoplasms (D:1)
  2 goblins (D:1)
  A hobgoblin (D:1)
  2 kobolds (D:1)
  3 frilled lizards (D:1)
  A rat (D:1)
15 creatures vanquished.

Notes
Turn   | Place    | Note
-------+----------+-------------------------------------------
     0 | D:1      | CaptainMV the Draconian Venom Mage began the quest for the
                  | Orb.
     0 | D:1      | Reached XP level 1. HP: 14/14 MP: 3/3
   188 | D:1      | Reached XP level 2. HP: 20/20 MP: 3/5
   323 | D:1      | HP: 1/20 [frozen (4)]
   324 | D:1      | Frozen to death by an endoplasm

Illustrated notes

Levels and vault maps discovered:
D:1:      sevenhm_arrival_forest_fort_large_4, layout_loops_ring,
          minmay_indecisive_spiral

Action                   || total
-------------------------++-------
Melee: Unarmed           ||    10
       Tailslap          ||     4
       Staff             ||     9
 Cast: Sting             ||    14
Armor: Skin              ||     3
Dodge: Dodged            ||    22
